 Dungeon Crawl Stone Soup version 0.25-a0-516-g7d600cd9ad (webtiles) character file.

Game seed: 11717582331501092806, levelgen mode: deterministic

30 Emblim88 the Ducker (level 3, 0/19 HPs)
             Began as a Spriggan Abyssal Knight on Feb 17, 2020.
             Was a Follower of Lugonu.
             Slain by a worm (9 damage)
             ... on level 2 of the Dungeon.
             The game lasted 00:01:46 (751 turns).

Emblim88 the Ducker (Spriggan Abyssal Knight)        Turns: 751, Time: 00:01:47

Health: 0/19       AC:  2    Str:  8    XL:     3   Next: 5%
Magic:  5/5        EV: 20    Int: 13    God:    Lugonu [*.....]
Gold:   46         SH:  0    Dex: 16    Spells: 2/2 levels left

rFire    . . .     SeeInvis +   a - +1 falchion
rCold    . . .     Gourm    .   (shield restricted)
rNeg     . . .     Faith    .   b - +0 robe
rPois    .         Spirit   .   (helmet restricted)
rElec    .         Reflect  .   (no cloak)
rCorr    .         Harm     .   (gloves unavailable)
MR       .....                  (boots unavailable)
Stlth    +.........             (no amulet)
HPRegen  0.06/turn              (no ring)
MPRegen  0.09/turn              (no ring)

@: very quick
A: very small, unfitting armour, see invisible, herbivore, speed 3, slow
metabolism 2
a: Depart the Abyss, Renounce Religion


You were on level 2 of the Dungeon.
You worshipped Lugonu.
Lugonu was aware of your devotion.
You were not hungry.

You visited 1 branch of the dungeon, and saw 2 of its levels.
You visited the Abyss 1 time.

You collected 46 gold pieces.

Inventory:

Hand Weapons
 a - a +1 falchion (weapon)
Missiles
 f - 13 poisoned darts (quivered)
Armour
 b - a +0 robe (worn)
Jewellery
 h - an uncursed ring of magical power {unknown}
Scrolls
 d - a scroll of enchant armour {unknown}
 e - 3 scrolls of identify {unknown}
 g - a scroll of magic mapping {unknown}
 i - a scroll of blinking {unknown}
 j - a scroll of noise {unknown}
Comestibles
 c - 3 rations


   Skills:
 + Level 2.7 Fighting
 + Level 2.0 Long Blades
 * Level 4.7 Dodging
 - Level 1.7 Invocations


You had 2 spell levels left.
You didn't know any spells.
Your spell library was empty.

Dungeon Overview and Level Annotations

Branches:
Dungeon (2/15)

Altars:


Innate Abilities, Weirdness & Mutations

You are very small and have problems with some larger weapons.
You are too small for most types of armour.
You have supernaturally acute eyesight. (SInv)
You are a herbivore.
You cover ground extremely quickly.
You need to consume almost no food.


Message History

You are too injured to fight recklessly!
You are too injured to fight recklessly!
You are too injured to fight recklessly!
You are too injured to fight recklessly!
You are too injured to fight recklessly!
You are too injured to fight recklessly!
You are too injured to fight recklessly!
You are too injured to fight recklessly!
You are too injured to fight recklessly!
You are too injured to fight recklessly!
You are too injured to fight recklessly!
You hit the worm.
The worm is heavily wounded.
You hit the worm but do no damage.
The worm is heavily wounded.
The worm barely misses you.
You barely miss the worm.
The worm is heavily wounded.
The worm bites you!
You die...

# #. #.. ..
#.######
#.w@...###.#
#.....#..(.....#
.##.#...##.#.....
# ######.# ##..
######.# #......#
##.###### #...#
#...#


You could see a worm.

Vanquished Creatures
  2 dart slugs
  A leopard gecko (D:1)
  2 bats (D:1)
  4 giant cockroaches (D:1)
  6 goblins (D:1)
  2 hobgoblins (D:1)
  3 kobolds (D:1)
  3 rats (D:1)
23 creatures vanquished.

Notes
Turn   | Place    | Note
-------+----------+-------------------------------------------
     0 | Abyss:1  | Emblim88 the Spriggan Abyssal Knight began the quest for
                  | the Orb.
     0 | Abyss:1  | Reached XP level 1. HP: 11/11 MP: 3/3
    38 | D:1      | Escaped the Abyss
   115 | D:1      | Reached * piety under Lugonu
   115 | D:1      | Reached skill level 4 in Dodging
   116 | D:1      | Reached XP level 2. HP: 16/16 MP: 4/4
   726 | D:2      | Reached XP level 3. HP: 14/19 MP: 5/5
   751 | D:2      | Slain by a worm

Levels and vault maps discovered:
D:1:      ebering_trefoil_3fold, layout_basic, minmay_tree_intersection,
          minmay_splitting_lines, chequers_serial_rivers_micro_c
D:2:      layout_loops_cross, nicolae_overflow_crystal_walls, first_ration,
          kennysheep_slug_shrine, uniq_crazy_yiuf_cottage

Skill      XL: |  1  2 |
---------------+-------+-----
Dodging        | 4 |  4.7
Long Blades    | 2 |  2.0
Fighting       | |  2.7
Invocations    | |  1.7

Action                   || total
-------------------------++-------
Melee: Falchion          ||    60
Invok: Depart the Abyss  ||     1
Armor: Robe              ||     7
Dodge: Dodged            ||    48
       Rpst.: Falchion   ||    11

Table legend:
 A = Non-vault XP
 B = Vault XP
 C = Vault XP percentage of total XP
 D = Non-vault monster count
 E = Vault monster count
 F = Vault count percentage of total count
                 A         B        C        D         E       F
            +---------+---------+-------+---------+---------+-------
      Total |      44 |       0 |   0.0 |      23 |       0 |   0.0
            +---------+---------+-------+---------+---------+-------
        D:1 |      40 |       0 |   0.0 |      22 |       0 |   0.0
        D:2 |       4 |       0 |   0.0 |       1 |       0 |   0.0
            +---------+---------+-------+---------+---------+-------
